 Dungeon Crawl Stone Soup version 0.30-a0-627-gc11e7ae810 (webtiles) character file.

Game seed: 9866990885901633228

329 Caratheodory the Insei (level 6, -2/41 HPs)
             Began as an Octopode Transmuter on Jan 12, 2023.
             Slain by a kobold brigand
             ... wielding a +2 short sword of speed
              (5 damage)
             ... in a sewer.
             The game lasted 00:12:19 (3127 turns).

Caratheodory the Insei (Octopode Transmuter)        Turns: 3127, Time: 00:12:20

Health: -2/41      AC:  1    Str:  9    XL:     6   Next: 51%
Magic:  10/10      EV: 14    Int: 18    God:
Gold:   96         SH:  0    Dex: 12    Spells: 10/11 levels left

rFire   . . .      SeeInvis .      - Unarmed
rCold   . . .      Faith    .    (no shield)
rNeg    . . .      Spirit   .    (helmet currently unavailable)
rPois   .          Reflect  .    (no amulet)
rElec   .          Harm     .    (no ring)
rCorr   .          Rampage  .    (no ring)
Will    .....                    (no ring)
Stlth   +++                      (no ring)
HPRegen 0.26/turn                (no ring)
MPRegen 0.12/turn                (no ring)
                                 (no ring)
                                 (no ring)

@: lethally poisoned (-2 -> -2), appendages, slowed, very slow
A: tentacle spike 3, almost no armour, amphibious, 8 rings, camouflage 1,
gelatinous body 1, nimble swimmer 1, tentacles
a: End Transformation


You were in a sewer.
One of your tentacles had grown a beastly spike.
You visited 1 branch of the dungeon, and saw 3 of its levels.
You also visited: Sewer.

You collected 96 gold pieces.

Inventory:

Missiles
 b - 12 poisoned darts (quivered)
Scrolls
 a - a scroll of fear {unknown}
 c - a scroll of silence {unknown}
 d - 3 scrolls of identify {unknown}
 e - 5 scrolls of teleportation {unknown}
 f - a scroll of noise {unknown}
 j - a scroll of brand weapon {unknown}
 k - a scroll of enchant weapon {unknown}
Potions
 g - a potion of flight {unknown}
 h - a potion of degeneration {unknown}
 i - a potion of curing
 l - a potion of berserk rage {unknown}
 m - 2 potions of mutation {unknown}
 n - a potion of heal wounds


   Skills:
 + Level 2.9 Fighting
 + Level 3.4 Dodging
 + Level 4.1 Unarmed Combat
 + Level 3.2 Spellcasting
 + Level 3.4 Transmutations


You had 10 spell levels left.
You knew the following spells:

 Your Spells              Type           Power      Damage    Failure   Level
a - Beastly Appendage     Tmut           30%        N/A       4%          1

Your spell library contained the following spells:

 Spells                   Type           Power      Damage    Failure   Level
 Wereblood                Tmut           15%        N/A       6%          2
 Magic Dart               Conj           8%         1d3       16%         1
 Call Imp                 Summ           2%         N/A       24%         2
 Spider Form              Tmut/Pois      9%         N/A       24%         3
 Kindle Blastsparks       Fire/Tloc/Air  4%         2d10      43%         3
 Mephitic Cloud           Conj/Pois/Air  2%         N/A       43%         3
 Ice Form                 Ice/Tmut       9%         N/A       61%         4
 Fulminant Prism          Conj/Hex       1%         3d5       85%         4
 Iskenderun's Mystic Bla  Conj/Tloc      2%         2d3       85%         4
 Fireball                 Conj/Fire      1%         3d3       99%         5
 Iskenderun's Battlesphe  Conj           2%         2d6       99%         5
 Lee's Rapid Deconstruct  Erth           1%         3d4*      99%         5
 Conjure Ball Lightning   Conj/Air       1%         3x3d6     100%        6
 Orb of Destruction       Conj           1%         9d5       100%        7


Dungeon Overview and Level Annotations

Branches:
Dungeon (3/15)              Sewer (1/1)

Altars:
Ru
Trog


Innate Abilities, Weirdness & Mutations

One of your tentacles has grown a beastly spike.
You cannot wear most types of armour.
You are amphibious.
You can wear up to eight rings at the same time.
Your skin changes colour to match your surroundings (Stealth+).
Your rubbery body absorbs attacks. (AC +1, EV +1)
You are camouflaged when in or above water. (Stealth+)
You have tentacles for arms and can constrict up to eight enemies at once.


Message History

You have difficulty breathing.
You feel yourself slow down.
Throw: 13 darts (poison)
Press: ? - help, Q - select action, (/) - cycle Shift-Dir - straight line, f - kobold brigand
Aim: a kobold brigand, wielding a +2 short sword of speed and quivering curare-tipped darts (50% to hit)
You throw a poisoned dart.
The poisoned dart hits the kobold brigand.
You hear a splash.
You feel very sick.
You tentacle-slap the kobold brigand. Your grab misses the kobold brigand.
Your tentacle spike misses the kobold brigand.
The kobold brigand is lightly wounded.
You feel very sick. The kobold brigand barely misses you.
You tentacle-slap the kobold brigand. Your grab misses the kobold brigand.
The kobold brigand is moderately wounded.
You feel sick. The kobold brigand closely misses you.
The kobold brigand barely misses you.
You tentacle-slap the kobold brigand but do no damage.
Your grab misses the kobold brigand.
Your tentacle spike misses the kobold brigand.
The kobold brigand is moderately wounded.
You feel sick.
The kobold brigand splashes around in the water.
The kobold brigand hits you with a +2 short sword of speed!
You barely miss the kobold brigand. You grab the kobold brigand.
You pierce the kobold brigand, but do no damage.
Your squeeze misses the kobold brigand.
The kobold brigand is lightly wounded.
You constrict the kobold brigand, but do no damage.
You feel sick.
The kobold brigand splashes around in the water.
The kobold brigand misses you.
You barely miss the kobold brigand.
You pierce the kobold brigand.
The kobold brigand is moderately wounded.
You constrict the kobold brigand, but do no damage.
You feel sick.
The kobold brigand hits you with a +2 short sword of speed!
* * * LOW HITPOINT WARNING * * *
The kobold brigand hits you with a +2 short sword of speed.
You die...

##~≈~## #.~≈~.# ###.~≈~.#
#∩..~≈~.# ###.~≈≈.# #.~≈~.#
##.~≈~.##
#.~~≈~~.#####################
#~~~≈~~~~)KK@~)~~~~~~~~~~~~..
#~.~≈~..#####################
#..~≈K~.# #.~~≈~~.# #~~≈≈≈~.#
#~~≈≈≈K~# #~~≈≈≈K~# #.~~~~..#
#..~~~..#


You could see 2 kobold brigands.

Vanquished Creatures
  A hound (D:3)
  An iguana (D:3)
  Terence (D:2)
  2 orc wizards (D:3)
  4 gnolls (D:3)
  5 adders
  2 river rats (Sewer)
  2 worms
  4 dart slugs
  5 orcs (D:3)
  7 endoplasms
  5 giant cockroaches
  9 goblins
  4 hobgoblins
  3 jackals (D:2)
  8 kobolds
  8 ball pythons
  3 bats
  6 frilled lizards
  10 rats
90 creatures vanquished.

Notes
Turn   | Place    | Note
-------+----------+-------------------------------------------
     0 | D:1      | Caratheodory the Octopode Transmuter began the quest for
                  | the Orb.
     0 | D:1      | Reached XP level 1. HP: 13/13 MP: 3/3
   202 | D:1      | Reached XP level 2. HP: 16/18 MP: 5/5
   608 | D:1      | Reached XP level 3. HP: 22/23 MP: 4/6
   868 | D:2      | Found a bloodstained altar of Trog.
  1067 | D:2      | Reached XP level 4. HP: 23/29 MP: 5/7
  1512 | D:2      | Found the +1 Delatra's gloves {ID++}
  1578 | D:2      | Noticed Terence
  1697 | D:2      | Killed Terence
  2040 | D:3      | Reached XP level 5. HP: 34/34 MP: 7/9
  2241 | D:3      | Reached XP level 6. HP: 25/41 MP: 10/10
  2259 | D:3      | Reached skill level 4 in Unarmed Combat
  2489 | D:3      | Found a sacrificial altar of Ru.
  2539 | D:3      | Found a glowing drain.
  2554 | Sewer    | Entered a sewer
  3127 | Sewer    | Slain by a kobold brigand

Illustrated notes

Levels and vault maps discovered:
D:1:      scummos_arrival_hexagon, layout_loops_cross, dk_noncrumbling_2
D:2:      layout_basic, basic_altar, chequers_serial_rivers_micro_d,
          minmay_quadrilaterals, uniq_terence
D:3:      layout_rooms, mainiacjoe_overflow_alcove_1, portal_sewer_entry_b
Sewer:    sewer_kobolds

Skill      XL: |  1  2  3  4  5  6 |
---------------+-------------------+-----
Fighting       | 2 |  2.9
Dodging        | 3 |  3.4
Transmutations | 3 |  3.4
Spellcasting   | 3 |  3.2
Unarmed Combat | 4 |  4.1

Action                   |  1- 3 |  4- 6 || total
-------------------------+-------+-------++-------
Melee: Unarmed           |    79 |   131 ||   210
       Constrict         |    24 |    31 ||    55
       Kick              |    21 |    44 ||    65
       Tentacles         |     9 |    17 ||    26
       Punch             |     4 |     6 ||    10
Throw: Dart              |       |     1 ||     1
 Cast: Beastly Appendage |    24 |    27 ||    51
  Use: Potion            |       |     2 ||     2
 Stab: Sleeping          |     4 |     6 ||    10
Armor: Skin              |     8 |    22 ||    30
Dodge: Dodged            |    41 |    59 ||   100

Table legend: (Time is in decaauts)
 A = Elapsed time spent in this place.
 B = Non-inter-level travel time spent in this place.
 C = Inter-level travel time spent in this place.
 D = Time resting spent in this place.
 E = Time spent auto-exploring this place.
 F = Levels seen in this place.
 G = Mean time per level.
                   A        B        C        D        E       F      G
               +--------+--------+--------+--------+--------+-----+--------+
         Total |   3120 |   3063 |     57 |    308 |   1863 |   4 |  780.0 |
       Dungeon |   2541 |   2484 |     57 |    279 |   1478 |   3 |  847.0 |
         Sewer |    579 |    579 |      0 |     29 |    385 |   1 |  579.0 |
               +--------+--------+--------+--------+--------+-----+--------+

Top non-repeatable levels by time:
     D:2: 1152 daAuts
     D:1: 836 daAuts
   Sewer: 579 daAuts
     D:3: 552 daAuts
